[Event "III Menorca Open-A 2024"]
[Site "Ciutadella Menorca"]
[Date "2024.04.03"]
[Round "2.1"]
[White "Erigaisi Arjun"]
[Black "Alexakis, Dimitris"]
[Result "1/2-1/2"]
[ECO "E20"]
[WhiteElo "2748"]
[BlackElo "2443"]
[Annotator "RC"]
[PlyCount "210"]
[EventDate "2024.04.02"]
[EventType "swiss"]
[EventCountry "ESP"]
[SourceTitle "playchess.com"]
[Source "ChessBase"]
[SourceQuality "1"]
[TimeControl "5400+30"]

1. d4 Nf6 2. c4 e6 3. Nc3 Bb4 4. f3 c5 5. a3 Ba5 6. dxc5 Bxc3+ 7. bxc3 Qa5 8. e4 O-O 9. Ne2 Qxc5 10. a4 Qxc4 11. Ba3 d6 12. Qxd6 Re8 13. Bb4 Qb3 14. Nd4 Qb2 15. Rd1 a6 16. Bc4 a5 17. Bb5 axb4 18. Bxe8 Nxe8 19. Qd8 Bd7 20. O-O bxc3 21. h4 Kf8 22. Rb1 Qd2 23. Qb6 Nc6 24. Nb3 Qf4 25. a5 Qc7 26. Qc5+ Ne7 27. Rfc1 Rc8 28. Rxc3 Qxc5+ 29. Nxc5 Bc6 30. Rd3 Ra8 31. Nxb7 Ra7 32. Nd8 Rxa5 33. Rb8 Ra8 34. Rxa8 Bxa8 35. Rc3 Nf6 36. Ra3 Bc6 37. Ra6 Bd7 38. g4 Ke8 39. Nb7 Nc8 40. g5 Nh5 41. Kf2 Ke7 42. Ke3 e5 43. Nc5 Nf4 44. Ra5 f6 45. Kf2 Ne6 46. Nxe6 Kxe6 47. Ra8 Kf7 48. gxf6 Kxf6 49. Kg3 Ne7 50. Rh8 h6 51. Rf8+ Ke6 52. Ra8 Ng6 53. Ra6+ Kf7 54. Ra7 Ke7 55. Rb7 Nf8 56. Ra7 Kf6 57. Ra6+ Be6 58. Ra8 Ng6 59. Ra6 Nf4 60. Ra5 Ng6 61. Ra6 Nh8 62. Rb6 Nf7 63. Ra6 Ke7 64. Ra7+ Kf6 65. Ra6 h5 66. f4 exf4+ 67. Kxf4 Ne5 68. Ra5 Ng6+ 69. Kg3 Bg4 70. Ra6+ Kf7 71. Ra7+ Kg8 72. Ra8+ Kh7 73. Ra6 Bd1 74. Ra5 Kh6 75. Rc5 Bg4 76. Rc6 Kh7 77. Rc5 Nf8 78. Ra5 Ne6 79. Rb5 Kg6 80. Rd5 Kf6 81. Ra5 Ke7 82. Rd5 Nc7 83. Rg5 Kf6 84. Rc5 Ne6 85. Ra5 g6 86. Rd5 Be2 87. Ra5 Bd3 88. Kf3 Bc2 89. Ke3 Bb3 90. Kf3 Bc4 91. Ke3 Ke7 92. Ra4 Bb5 93. Ra5 Bc6 94. e5 Ng7 95. Kf4 Ne6+ 96. Ke3 Be8 97. Ra7+ Bd7 98. Ra6 Nf8 99. Ra7 Ke6 100. Ra8 Ke7 101. Ra7 Ne6 102. Ra6 Kd8 103. Ra8+ Bc8 104. Ra7 Bd7 105. Ra8+ Ke7 1/2-1/2

[Event "III Menorca Open-A 2024"]
[Site "Ciutadella Menorca"]
[Date "2024.04.03"]
[Round "2.2"]
[White "Deuer, Marius"]
[Black "Nihal Sarin"]
[Result "0-1"]
[ECO "D35"]
[WhiteElo "2439"]
[BlackElo "2698"]
[Annotator "TA"]
[PlyCount "136"]
[EventDate "2024.04.02"]
[EventType "swiss"]
[EventCountry "ESP"]
[SourceTitle "playchess.com"]
[Source "ChessBase"]
[SourceQuality "1"]
[TimeControl "5400+30"]

1. d4 Nf6 2. c4 e6 3. Nc3 d5 4. cxd5 exd5 5. Bg5 Be7 6. e3 h6 7. Bh4 Bg4 {[%emt 0:00:07] D35: Queen's Gambit Declined: Exchange Variation.} 8. f3 Be6 9. Bd3 c5 10. dxc5 Bxc5 11. Bf2 Nc6 12. Nge2 O-O 13. O-O a6 14. Rc1 Ba7 15. Qd2 $146 ({Predecessor:} 15. Nd4 Rc8 16. Qd2 Re8 17. Nce2 Ne5 18. Rxc8 Bxc8 19. b3 Bd7 {½-½ Juksta,K (2392)-Quintiliano Pinto,R (2506) US Masters op 2023 (6)}) 15... Re8 16. Nd4 Nxd4 17. exd4 Qd6 18. Na4 Re7 19. Rfe1 Rae8 20. Kh1 Bb8 21. Bg3 Qd8 22. Bh4 Qd6 23. Bg3 Qd8 24. Bh4 Bd7 25. Rxe7 Qxe7 26. Nc5 Qd6 27. Bg3 (27. Nxb7 $2 Qxh2#) 27... Qb6 $1 28. Bxb8 Rxb8 29. Re1 Qd6 30. g3 Bh3 31. Kg1 a5 32. Qxa5 b6 33. Qa6 h5 34. Nb3 g6 35. Qa7 Bd7 36. Qa3 Qxa3 37. bxa3 Ra8 38. Rb1 Rxa3 39. Nc1 Rc3 40. Kf2 Kg7 41. Ke2 Rc6 42. Kd2 Rd6 43. h4 Ng8 44. Ne2 Ne7 45. Nc3 Kf8 46. Bb5 Nf5 47. Bxd7 Rxd7 48. Rxb6 Nxd4 49. Ke3 Nf5+ 50. Kf4 Kg7 51. a4 Rc7 52. Nxd5 (52. Nb5 $1 $11 Rc4+ 53. Ke5) 52... Rc4+ $17 53. Ke5 Rxa4 54. g4 (54. Nc7 $17) 54... Nxh4 $19 55. gxh5 $2 (55. Rb3) 55... Nxf3+ $19 56. Kd6 gxh5 57. Rb3 Ng5 58. Ke5 Ra5 59. Rd3 Kg6 60. Kf4 Ra4+ 61. Kg3 h4+ 62. Kh2 Ra2+ 63. Kh1 Ne4 64. Rb3 Kg5 65. Nc3 Ng3+ 66. Kg1 Rc2 (66... Rd2 $142 67. Na4 Kg4 68. Rb4+ Kh3) 67. Nd5 Rd2 68. Rb5 f5 0-1

[Event "III Menorca Open-A 2024"]
[Site "Ciutadella Menorca"]
[Date "2024.04.03"]
[Round "2.3"]
[White "Fedoseev, Vladimir"]
[Black "Malek, Jan"]
[Result "0-1"]
[ECO "D23"]
[WhiteElo "2690"]
[BlackElo "2441"]
[Annotator "TA"]
[PlyCount "122"]
[EventDate "2024.04.02"]
[EventType "swiss"]
[EventCountry "ESP"]
[SourceTitle "playchess.com"]
[Source "ChessBase"]
[SourceQuality "1"]
[TimeControl "5400+30"]

1. d4 Nf6 2. c4 e6 3. Nf3 d5 4. Nc3 dxc4 5. Qa4+ Nbd7 6. e4 c5 7. Bf4 a6 8. d5 exd5 9. exd5 {[%emt 0:05:31][%cal Oe1c1] The position is equal.} Qb6 10. O-O-O Bd6 11. Re1+ Kf8 12. Qxc4 Qc7 13. Bxd6+ Qxd6 14. Qh4 b5 15. a4 Nb6 16. Bd3 Bb7 (16... Nfxd5 $6 17. Be4 Bb7 (17... bxa4 $2 18. Nxd5 a3 19. Ne3 $18) 18. Rd1 bxa4 19. Nxd5 Bxd5 20. Rxd5 Nxd5 21. Rd1 $16 (21. Bxh7 $2 a3 $19)) 17. axb5 axb5 (17... Nfxd5 18. bxa6 Bxa6 19. Bxa6 Rxa6 20. Nb5 Qh6+ 21. Qxh6 gxh6 22. Nd6 $11) (17... Nbxd5 {simplifies} 18. Qg3 Qxg3 19. fxg3 Nxc3 20. bxc3 axb5 21. Bxb5 g6) 18. Nxb5 Qxd5 19. Ne5 Ra1+ (19... Qxg2 $2 20. Rhg1 Ra4 21. Qxa4 $18) 20. Bb1 $1 Bc8 (20... Qxg2 $2 21. Rhg1 Rxb1+ 22. Kxb1 $18) 21. Nc3 Qd4 22. Qg3 {[%emt 0:01:06] Strongly threatening Rd1.} Bf5 {[%emt 0:00:00] ...Na4 is the strong threat.} 23. Nc6 $1 Qd7 24. Qb8+ Nc8 25. Ne5 {[%emt 0:03:05] Dodges Qd3} Qd4 26. Qc7 ({White should try} 26. Re3 $1 $14 g6 27. Rd1) 26... Ra7 $1 $40 {[%emt 0:02:58][%mdl 128] Black attacks.} 27. Qc6 Ne7 28. Qb6 Nc8 {[%emt 0:00:07] Really sharp!} 29. Qb5 {[%emt 0:00:51] Hoping for Re3.} Ra1 {[%emt 0:02:27][%cal Og7g6] And now ...g6! would win.} 30. Nf3 $1 Qb4 (30... Qxf2 $2 {loses.} 31. Re2 Bd7 (31... Bxb1 $2 32. Nxb1 $18) 32. Qc4 $18 (32. Rxf2 Bxb5 33. Nxb5 Ne7 $18)) 31. Qc6 Qc4 32. Kd2 Ra6 33. Qc7 {[%emt 0:00:07] White is on the road to losing.} (33. Qb5 $1 $11 {and White is okay.} Qxb5 34. Nxb5 Bxb1 35. Rxb1) 33... Rd6+ $19 34. Kc1 {[%emt 0:00:12] [#]} Qf4+ 35. Re3 {[%emt 0:00:01] [#]} Rd1+ $3 36. Rxd1 Qxc7 37. Nb5 (37. Bxf5 $142 g6 38. Ne4 Nxe4 39. Rd7) 37... Qb6 38. Bxf5 g6 39. Bd3 Kg7 40. Bc4 Qb8 ({Much less strong is} 40... Rd8 41. b3) 41. Ne5 Re8 42. Rde1 Nb6 ({Don't play} 42... Re7 43. Na3 $19) 43. Bxf7 {[%emt 0:01:57] [#]} Rxe5 44. Rxe5 Kxf7 45. Nc3 Nc4 46. R5e2 Qb3 {[%emt 0:00:58][%cal Oc4b2] aiming for ...Nxb2!} 47. Kb1 Na3+ 48. Kc1 Nc4 (48... Qc4 $142 49. Re7+ Kf8) 49. Kb1 $1 g5 50. Rc1 h6 51. g3 g4 52. Ka1 Qb6 53. Rd1 Na5 54. Kb1 Nb3 55. Re3 Qa6 56. Na2 Nd4 57. Nc3 Nb3 58. Na2 $1 Qa4 59. Rdd3 {[%emt 0:01:21] [#]} Ne4 $1 60. Re2 {[%emt 0:01:24] Repels Nbd2+} (60. Nc3 Nxc3+) 60... Qc4 61. Rd7+ Ke6 {[%emt 0:00:13] Weighted Error Value: White=0.37/Black=0.37.  Loses game:     	White=1     	---        Mistake:       	White=2     	Black=1      Inaccurate:     	White=4     	Black=4      OK:         	White=14    	Black=29     Best:        	White=6     	Black=6      Strong:       	White=5     	Black=1      Brilliant:      	---       	Black=1} 0-1

[Event "III Menorca Open-A 2024"]
[Site "Ciutadella Menorca"]
[Date "2024.04.03"]
[Round "2.4"]
[White "Jacobson, Aaron"]
[Black "Van Foreest, Jorden"]
[Result "0-1"]
[ECO "D61"]
[WhiteElo "2431"]
[BlackElo "2672"]
[Annotator "TA"]
[PlyCount "64"]
[EventDate "2024.04.02"]
[EventType "swiss"]
[EventCountry "ESP"]
[SourceTitle "playchess.com"]
[Source "ChessBase"]
[SourceQuality "1"]
[TimeControl "5400+30"]

1. d4 Nf6 2. c4 e6 3. Nf3 d5 4. Nc3 Nbd7 5. Bg5 h6 6. Bh4 Be7 7. e3 O-O 8. Qc2 c6 9. a3 Ne8 10. Bxe7 Qxe7 11. Bd3 Nd6 {[%emt 0:05:53] The position is equal.} 12. c5 Ne8 13. b4 e5 14. Nxe5 Nxe5 15. dxe5 Qxe5 16. O-O Nf6 17. h3 {[%emt 0:07:41] Prevents Ng4.} Re8 18. Ne2 Qg5 19. Kh2 Qh4 20. Qc3 Ng4+ 21. Kg1 Ne5 {[%emt 0:00:07][%cal Oc8h3] Strongly threatening ...Bxh3!} 22. Nf4 Qf6 {[%emt 0:16:23][%cal Oe5f3] Threatens to win with ...Nf3+!} 23. Qd4 Bf5 24. Be2 Qg5 (24... Nd7 {simplifies} 25. Qxf6 Nxf6 26. Bf3 a5) 25. Rfd1 Be4 {[%emt 0:01:53] aiming for ...Nf3+.} 26. g3 ({White should try} 26. Kh1 $11) 26... Nf3+ 27. Bxf3 Bxf3 28. Re1 (28. Rd2 $15) 28... Re4 $17 29. Qd2 Rae8 {[%emt 0:02:18] White is weak on the light squares} 30. Kh2 R8e5 (30... h5 $142 31. Rg1 d4) 31. Ne2 Rh4 {[%emt 0:01:03][%cal Oh4h3] ( -> ...Rxh3+!). Black is more active.} 32. Nf4 {[%emt 0:03:31][%mdl 8192] [#]} (32. gxh4 $2 Qg2#) (32. Ng1 $15 Qg4 (32... Be4 $2 33. f4 $18) 33. Qd4 (33. Nxf3 $2 {gets mated.} Qxh3+ 34. Kg1 Qh1#)) 32... Qxf4 $3 {[%emt 0:01:19][%mdl 512] Weighted Error Value: White=0.30/Black=0.07 (flawless) .  Loses game:     	White=1     	---        Mistake:       	White=2     	Black=1      Inaccurate:     	White=2     	Black=1      OK:         	White=5     	Black=9      Best:        	White=2     	Black=1      Brilliant:      	---       	Black=1} 0-1

[Event "III Menorca Open-A 2024"]
[Site "Ciutadella Menorca"]
[Date "2024.04.03"]
[Round "2.5"]
[White "Aravindh, Chithambaram VR."]
[Black "Shuvalova, Polina"]
[Result "1/2-1/2"]
[ECO "D00"]
[WhiteElo "2662"]
[BlackElo "2439"]
[Annotator "TA"]
[PlyCount "140"]
[EventDate "2024.04.02"]
[EventType "swiss"]
[EventCountry "ESP"]
[SourceTitle "playchess.com"]
[Source "ChessBase"]
[SourceQuality "1"]
[TimeControl "5400+30"]

1. d4 Nf6 2. Nc3 d5 3. Bf4 a6 4. e3 e6 5. g4 Bb4 6. Nge2 Nxg4 7. Rg1 g5 8. Rxg4 gxf4 9. Nxf4 Nc6 10. Nh5 f5 11. Rg3 Qh4 12. Rh3 Qg5 13. Rg3 Qh4 14. Rh3 Qg5 15. Qf3 Bd6 16. O-O-O Bd7 17. Ne2 O-O-O 18. Nhf4 Rdg8 19. Rg3 Qe7 20. Kb1 Na5 21. Nxd5 exd5 22. Rxg8+ Rxg8 23. Qxd5 Re8 24. Qxa5 Qh4 25. Ng3 Kb8 26. Bd3 Rf8 27. Rg1 (27. Bxf5 $2 Bxf5 28. Nxf5 Qh5 (28... Qxh2 29. e4 $18) 29. Qe1 $19) (27. Rh1 $16) 27... Qxh2 $11 28. Qe1 Rg8 (28... f4 $1 $14 29. exf4 Bc6) 29. a3 (29. Bxf5 $2 {perishes.} Bxf5 30. Qf1 (30. Rh1 $2 Bxg3 31. fxg3 Bxc2+ 32. Kc1 Qg2 $19) 30... h5 $19 (30... Bxg3 $2 31. e4 $19)) ({White should play} 29. Rh1 $1 $16 Bxg3 30. Rxh2 (30. fxg3 Qxg3 31. Qxg3 Rxg3 $14) 30... Bxh2 31. Bf1) 29... Bxg3 30. Rxg3 Rxg3 (30... Rg4 $14) 31. fxg3 $16 Ka7 32. d5 h5 33. e4 fxe4 34. Bxe4 Kb8 35. b3 Bg4 36. Qc3 Qf2 37. Kb2 Qe2 38. Qh8+ Ka7 39. Qd4+ Kb8 (39... Ka8 $16 40. b4 Qe1) 40. d6 $18 cxd6 41. Qxd6+ Ka7 42. Qc5+ Kb8 43. Qd5 Bc8 44. Qd6+ Ka7 45. Qc5+ Kb8 46. Bd3 Qe8 47. Qd6+ Ka8 48. Qd4 Bg4 49. Be4 Qb8 (49... Qe7 $16 50. Ka2 Qc7 51. Qh8+ Ka7) 50. Qg7 $18 Qc8 51. Bd5 Ka7 (51... a5 $16 52. Qg8 Qxg8 53. Bxg8 b6) 52. c4 Bd7 {[%emt 0:00:43] [#]} (52... Be6 $16 53. Bh1 Bd7 54. Qd4+ Kb8 55. Qd6+ Ka7) 53. Qd4+ $1 $18 Ka8 {[%emt 0:00:29] [#]} (53... Kb8 {might work better.} 54. Qe5+ Ka7) 54. Qb6 $1 $18 Kb8 55. Ka2 Bg4 56. Qd6+ Ka7 57. Qe7 Bd7 58. a4 ({White should try} 58. b4 $18) 58... a5 $16 59. c5 (59. Be4 $18) 59... Bc6 $1 $14 60. Qe5 (60. Bc4 $14) 60... Bxd5 $11 61. Qxd5 Qg4 62. Qd6 Qe2+ 63. Ka3 Qe1 64. Kb2 Qe2+ 65. Kc3 Qe1+ 66. Kb2 Qe2+ 67. Ka3 Qe1 68. Qd4 Qc1+ 69. Ka2 Qc2+ 70. Ka3 Qc1+ 1/2-1/2

[Event "III Menorca Open-A 2024"]
[Site "Ciutadella Menorca"]
[Date "2024.04.03"]
[Round "2.6"]
[White "Divya Deshmukh"]
[Black "Alekseenko, Kirill"]
[Result "0-1"]
[ECO "C93"]
[WhiteElo "2427"]
[BlackElo "2650"]
[Annotator "TA"]
[PlyCount "92"]
[EventDate "2024.04.02"]
[EventType "swiss"]
[EventCountry "ESP"]
[SourceTitle "playchess.com"]
[Source "ChessBase"]
[SourceQuality "1"]
[TimeControl "5400+30"]

1. e4 e5 2. Nf3 Nc6 3. Bb5 a6 4. Ba4 Nf6 5. O-O Be7 6. Re1 b5 7. Bb3 d6 8. c3 O-O 9. h3 h6 10. d4 Bd7 11. Nbd2 Re8 12. Nf1 a5 {[%emt 0:00:59][%cal Ba6a5,Ba5a4][%mdl 32] White is slightly better.} 13. Ng3 a4 14. Bc2 Bf8 15. Bd2 Na7 16. b3 axb3 17. axb3 Qb8 18. Be3 Nc8 19. Qd2 Qb7 20. Kh2 Rxa1 21. Rxa1 c5 22. d5 Ne7 23. b4 Ng6 24. Bd3 (24. c4 $14 {is more appropriate.}) 24... Ra8 $36 {[%emt 0:00:51][%mdl 2048] Black has the initiative.} 25. Qb2 {[%emt 0:00:34] Rxa8 would now be deadly.} c4 {[%emt 0:01:28] [#] ...Rxa1 is the strong threat.} 26. Bb1 Ne8 27. Ne1 Rxa1 28. Qxa1 f5 29. Qa7 (29. Nxf5 $11 Bxf5 30. exf5) 29... Qxa7 $17 30. Bxa7 fxe4 ({Black should play} 30... Nf4 $17 {And now ...fxe4 would win.} 31. exf5 Be7 (31... Nxd5 32. Ne2 $15)) 31. Bxe4 (31. f3 $1 $15) 31... Nf4 32. Nc2 Nf6 {[%emt 0:00:00][%cal Of6e4] Threatens to win with ...Nxe4!} 33. Ne3 Be8 {[%emt 0:00:00] Black is more active.} 34. Bb8 Bf7 35. Bf5 N4xd5 36. Nxd5 Bxd5 ({Inferior is} 36... Nxd5 37. Ne4 $11) 37. Bg6 Bf7 38. Bf5 g6 39. Bc8 Be8 40. Be6+ Kg7 41. f3 (41. Ne2 $142) 41... Bd7 $19 42. Bxd7 Nxd7 43. Bc7 (43. Ba7 {was called for.}) 43... Kf7 44. h4 $2 {[%emt 0:00:54] [#]} (44. Ne2) 44... d5 {[%emt 0:00:00] aiming for ...d4. Black is clearly winning.} 45. f4 (45. Ne2 $142) 45... d4 46. Ne4 Nf6 {[%emt 0:02:10] Weighted Error Value: White=0.40/Black=0.07 (flawless) .  Mistake:       	White=7     	Black=1      Inaccurate:     	White=4     	Black=1      OK:         	White=10    	Black=19     Best:        	White=1     	Black=2} 0-1

[Event "III Menorca Open-A 2024"]
[Site "Ciutadella Menorca"]
[Date "2024.04.03"]
[Round "2.7"]
[White "Pichot, Alan"]
[Black "Heimann, Mark"]
[Result "1-0"]
[ECO "C54"]
[WhiteElo "2644"]
[BlackElo "2435"]
[Annotator "TA"]
[PlyCount "101"]
[EventDate "2024.04.02"]
[EventType "swiss"]
[EventCountry "ESP"]
[SourceTitle "playchess.com"]
[Source "ChessBase"]
[SourceQuality "1"]
[TimeControl "5400+30"]

1. e4 e5 2. Nf3 Nc6 3. Bc4 Bc5 4. d3 Nf6 5. Bg5 h6 6. Bh4 d6 7. c3 a6 8. a4 Ba7 9. Nbd2 Be6 10. b4 {[%emt 0:03:11][%cal Bb2b4,Bb4b5][%mdl 32] White is slightly better.} g5 {[%emt 0:07:33] [#] ...Bxc4 would now be deadly.} 11. Bg3 Qd7 12. O-O O-O 13. Re1 Rfe8 14. h3 Rad8 15. b5 Ne7 16. Bxe6 Qxe6 17. Qb3 Qxb3 18. Nxb3 axb5 19. axb5 Bb6 20. Nfd2 Nd7 21. Nc4 f5 22. Nxb6 Nxb6 23. f3 Ra8 24. Kf1 fxe4 25. fxe4 Na4 26. Rec1 c6 27. c4 c5 28. Be1 Nb6 29. Ba5 Nec8 30. Ke2 Kf7 31. Nd2 Nd7 32. Nf3 b6 (32... Nf8 $11 {remains equal.}) 33. Bd2 Ne7 34. h4 {[%emt 0:00:44] White is more active.} g4 35. Nh2 h5 36. Nf1 Ng6 37. g3 {[%emt 0:01:41] Repels Nf4+} Ne7 $2 {[%emt 0:02:59] [#] This costs Black the game.} (37... Ngf8 $16 {was worth a try.}) 38. Bg5 $1 $18 Nf6 39. Ne3 Nfg8 40. Nd1 Kg6 41. Nc3 Nf6 42. Rf1 Neg8 43. Ra6 Rxa6 44. bxa6 {[%emt 0:00:03][%cal Bb5a6,Ba6a7][%mdl 32] And now Bxf6 would win.} Ra8 45. Ra1 {[%emt 0:00:19] Threatens to win with Bxf6.} Kf7 (45... Ne7 46. Ke3 Nc8 47. Bxf6 Kxf6) 46. Nb5 {[%emt 0:00:53] White is clearly winning.} Ne8 47. a7 Ne7 48. Bxe7 Kxe7 49. Ra6 Kd7 50. Rxb6 Kc8 51. Kd2 {[%emt 0:00:24] Weighted Error Value: White=0.09 (flawless) /Black=0.15 (very precise) .  Loses game:     	---       	Black=1      Mistake:       	---       	Black=2      Inaccurate:     	White=6     	Black=2      OK:         	White=19    	Black=19     Best:        	White=1     	Black=1      Strong:       	White=1     	---} 1-0

[Event "III Menorca Open-A 2024"]
[Site "Ciutadella Menorca"]
[Date "2024.04.03"]
[Round "2.8"]
[White "Warmerdam, Max"]
[Black "Vidyarthi, Vyom"]
[Result "1-0"]
[ECO "D26"]
[WhiteElo "2628"]
[BlackElo "2428"]
[Annotator "TA"]
[PlyCount "95"]
[EventDate "2024.04.02"]
[EventType "swiss"]
[EventCountry "ESP"]
[SourceTitle "playchess.com"]
[Source "ChessBase"]
[SourceQuality "1"]
[TimeControl "5400+30"]

1. c4 Nf6 2. Nc3 e6 3. d4 Bb4 4. e3 O-O 5. Bd3 d5 6. a3 dxc4 7. Bxc4 Be7 8. Nf3 c5 9. O-O cxd4 10. exd4 Nbd7 11. Re1 Nb6 12. Bd3 Nbd5 13. Ne5 b6 {[%emt 0:04:16] White has an edge.} 14. Nc6 Qd7 15. Nxd5 Nxd5 {[%emt 0:00:34] [#]} 16. Qh5 $1 g6 (16... f5 17. Nxe7+) 17. Nxe7+ Nxe7 18. Qh4 {[%emt 0:04:36] Bh6 would now be deadly.} f6 (18... Nd5 $14) 19. Bc4 {[%emt 0:06:37] White has more active pieces.} Qc6 20. d5 Nxd5 21. Bh6 Bb7 22. Bxf8 $16 {[%emt 0:03:52] Black must now prevent Bh6. This pair of bishops is nice.} Nf4 23. Bf1 (23. Qxf4 $2 Qxg2#) 23... g5 24. Qg3 Rxf8 25. Rac1 Qd5 26. Qe3 Qf5 (26... Rf7 $142) 27. g3 Bd5 28. f3 Nh3+ 29. Bxh3 Qxh3 30. Re2 Qf5 {[%emt 0:02:01] Prevents Qd3} 31. Rc3 Rd8 (31... h5 $16 {keeps fighting.} 32. Rec2 e5) 32. g4 $36 {[%emt 0:01:13][%mdl 2048] White is really pushing.} Qb1+ 33. Rc1 Qg6 34. Rec2 h5 (34... Rd7 $142 35. Rc8+ Kg7) 35. Rc8 Rxc8 36. Rxc8+ {[%emt 0:00:02][%mdl 4096] Endgame. KQR-KQB} Kg7 37. Qc1 {[%emt 0:00:34] Threatens to win with Qc7+.} e5 38. Rd8 Bf7 39. h3 hxg4 40. hxg4 Qh7 41. Rd7 $1 {[%emt 0:02:06][%cal Oc1c4] Qc4! is the strong threat.} Qh3 $2 {[%emt 0:00:53] [#]} (41... b5 42. Qd1 (42. Rxa7 Qd3 $16) 42... a5) 42. Qc4 $1 (42. Rxa7 Qg3+ (42... Qxf3 43. Qc4 $11) 43. Kf1 Qxf3+ 44. Ke1 Qh1+ (44... Qxg4 45. Qe3 $19) 45. Kd2 Qg2+ (45... Qxc1+ 46. Kxc1 Kg6 47. Kd2 $14) 46. Kd3 Qxg4 $11) 42... Qg3+ 43. Kf1 Qxf3+ 44. Ke1 Qh1+ 45. Kd2 Qh2+ $2 {[%emt 0:01:17][%mdl 8192] [#]} (45... Qg2+ $11 46. Kc3 Kh8) 46. Kc3 $1 {[%emt 0:00:22] White mates.} Qg3+ 47. Kb4 Qe1+ 48. Kb3 {[%emt 0:00:36] Weighted Error Value: White=0.08 (flawless) /Black=0.52.  Mistake:       	---       	Black=6      Inaccurate:     	White=2     	---        OK:         	White=16    	Black=11     Best:        	White=2     	Black=2      Strong:       	White=2     	---} 1-0

[Event "III Menorca Open-A 2024"]
[Site "Ciutadella Menorca"]
[Date "2024.04.03"]
[Round "2.9"]
[White "Sousa, Andre Ventura"]
[Black "Murzin, Volodar"]
[Result "1/2-1/2"]
[ECO "D10"]
[WhiteElo "2426"]
[BlackElo "2632"]
[Annotator "TA"]
[PlyCount "126"]
[EventDate "2024.04.02"]
[EventType "swiss"]
[EventCountry "ESP"]
[SourceTitle "playchess.com"]
[Source "ChessBase"]
[SourceQuality "1"]
[TimeControl "5400+30"]

1. d4 d5 2. Bf4 Nf6 3. e3 Bf5 4. c4 c6 5. Nc3 e6 6. Qb3 {[%emt 0:01:27] D10: Slav Defence: 3 cxd5 (without early Nf3) and 3 Nc3.} Qc8 7. Nf3 Be7 8. Be2 O-O 9. Ne5 Nbd7 10. O-O Nxe5 $146 ({Predecessor:} 10... Ne4 11. Rfc1 Ndf6 12. cxd5 exd5 13. h3 Nxc3 14. bxc3 c5 15. Qd1 c4 {½-½ Molnar,L (1401)-Vida,G (1458) HUN-ch U18 Girls 2020 (6)}) 11. Bxe5 Ne4 12. Nxe4 Bxe4 13. c5 Bd8 14. Qc3 Bc7 15. Bxc7 Qxc7 16. b4 Rfe8 17. a4 e5 18. Ra2 Re6 19. dxe5 Rxe5 20. b5 Re6 21. Bd3 Rae8 (21... Bxd3 {simplifies} 22. Qxd3 Re4 23. Rb1 Rc4) 22. bxc6 (22. Rd2 $11) 22... Rxc6 $15 23. Bb5 {[%emt 0:04:45] [#]} (23. Rc2 $15 {feels stronger.}) 23... Rh6 (23... Rxc5 $1 $17 24. Qa1 (24. Qe1 Re6) 24... Re5) 24. h3 Rc8 (24... Bf3 $5 25. Rb1 (25. Bxe8 $2 Rg6 $19) 25... Rg6 $15) 25. Rd2 Qxc5 26. Qxc5 Rxc5 27. f3 Bf5 28. e4 $1 a6 $1 (28... dxe4 29. Rd8#) 29. Be2 Bd7 (29... dxe4 30. Rd8#) 30. Rb1 b5 31. axb5 axb5 32. Rxd5 Rxd5 33. exd5 Rb6 34. Kf2 Kf8 35. Ke3 Ke7 36. Kd4 Kd6 37. Rb4 Ra6 38. Bd3 (38. Bxb5 $2 Rb6 39. Bxd7 Rxb4+ 40. Kc3 Rb1 $19) 38... h6 (38... h5 $17) 39. f4 (39. Bxb5 $2 Rb6 40. Bxd7 Rxb4+ 41. Kc3 Rb1 $19) (39. Rb3 $11) 39... Ra4 $17 40. Rxa4 bxa4 41. h4 f6 42. g3 a3 43. Bc4 Bf5 44. Ba2 g6 (44... Bc2 $17 45. Kc4 Be4) 45. Kc4 $1 $15 Be4 46. Kd4 Bf3 47. Bb3 Bg4 48. Bc4 Bf5 49. Ba2 Bc2 50. Kc3 Be4 51. Kd4 Bg2 52. Bc4 Bh3 53. Ba2 Bg4 54. Kc4 Bf3 55. Kd4 f5 56. Bb3 Bd1 (56... Be4 $5 57. Ba2 $8 Bc2 $11) 57. Ba2 (57. Bxd1 $2 {perishes.} a2 58. Kd3 a1=Q $19 (58... a1=B 59. Bf3 $11)) 57... Bc2 58. Kc3 Be4 59. Kd4 h5 60. Bb3 Bb1 61. Kc3 Be4 (61... a2 $5 62. Kb2 $8 Be4 (62... Kc5 63. d6 $11) 63. Bxa2 Bxd5 $11) 62. Kd4 $1 Bb1 63. Kc3 Be4 (63... a2 $5 64. Kb2 $8 Be4 (64... Kc5 65. d6 $11) 65. Bxa2 Bxd5 $11) 1/2-1/2